 Dungeon Crawl Stone Soup version 0.31-a0-675-g238779eb0a (webtiles) character file.

Game seed: 9545340893432223684

150 qw the Shooter (level 5, -2/32 HPs)
             Began as a Gargoyle Hunter on Sept 5, 2023.
             Slain by a jackal (3 damage)
             ... on level 3 of the Dungeon.
             The game lasted 00:00:36 (1633 turns).

qw the Shooter (Gargoyle Hunter)                    Turns: 1633, Time: 00:00:37

Health: -2/32      AC:  9    Str: 14    XL:     5   Next: 32%
Magic:  5/5        EV: 11    Int: 10    God:
Gold:   184        SH:  0    Dex: 15    Spells: 4/4 levels left

rFire   . . .        Y - +0 shortbow
rCold   . . .        (shield currently unavailable)
rNeg    + . .        c - +0 leather armour
rPois   inf          h - +1 helmet
rElec   +            (no cloak)
rCorr   .            (no gloves)
SInv    .            (no boots)
Will    .....        (no amulet)
Stlth   ++           (no ring)
HPRegen 0.25/turn    (no ring)
MPRegen 0.09/turn

%: no passive effects
@: no status effects
A: sickness immunity, AC +4, negative energy resistance 1, electricity
resistance, torment resistance 1, petrification resistance
a: no special abilities


You were on level 3 of the Dungeon.
You visited 1 branch of the dungeon, and saw 3 of its levels.

You collected 184 gold pieces.


Innate Abilities, Weirdness & Mutations

You are immune to sickness and miasma.
Your stone body is resilient. (AC +4)
You are immune to poison.
You resist negative energy. (rN+)
You are resistant to electric shocks. (rElec)
You are resistant to unholy torment.
You are immune to petrification.


   Skills:
 - Level 3.3 Fighting
 - Level 6.0 Ranged Weapons
 + Level 0.0 Armour
 - Level 1.5 Dodging
 - Level 1.1 Stealth


You had 4 spell levels left.
You didn't know any spells.
Your spell library was empty.

Inventory:

Hand Weapons
 Y - a +0 shortbow (weapon)
Armour
 c - a +0 leather armour (worn)
 h - a +1 helmet (worn)
Scrolls
 a - a scroll of identify
Potions
 b - a potion of curing {unknown}
 d - a potion of degeneration {unknown}

Dungeon Overview and Level Annotations

Branches:
Dungeon (3/15)

Altars:

Shops:
D:1 =


Message History

You shoot an arrow. The arrow closely misses the scorpion.
The scorpion closely misses you.
You shoot an arrow. The arrow closely misses the scorpion.
The scorpion closely misses you. The scorpion misses you.
You shoot an arrow. The arrow barely misses the scorpion.
The scorpion stings you.
You shoot an arrow. The arrow closely misses the scorpion.
The scorpion barely misses you.
You shoot an arrow.
The arrow completely misses the scorpion.
The scorpion stings you but does no damage.
A jackal comes into view.
The scorpion stings you.
You shoot an arrow. The jackal barks!
The arrow hits the scorpion.
The scorpion is severely wounded.
The scorpion misses you.
You shoot an arrow.
The arrow completely misses the scorpion.
The scorpion stings you.
A jackal comes into view.
The scorpion stings you.
You shoot an arrow. The arrow barely misses the scorpion.
A jackal comes into view.
The scorpion stings you.
You shoot an arrow.
The arrow completely misses the scorpion.
The jackal barks!
The scorpion stings you.
The jackal bites you but does no damage.
The scorpion stings you but does no damage.
You shoot an arrow. The arrow hits the scorpion!
You kill the scorpion!
The jackal misses you. The jackal closely misses you.
Your Ranged Weapons skill increases to level 6!
You have reached level 5!
You shoot an arrow. The arrow barely misses the jackal.
The jackal bites you. x2
You die...

#.............
#########.............
#.......#............
#.......%..........#
#..................##.
#.......#....h........
#.......#.........#
#<......#####hh...#
#....:..# ##@.###
######### #%.# ?..#
..... .###..# .. ...
.. .... .. .....


You could see 3 jackals.

Vanquished Creatures
  A scorpion (D:3)
  Jessica (D:2)
  An adder (D:2)
  2 worms (D:2)
  2 dart slugs (D:1)
  2 ball pythons (D:2)
  3 endoplasms
  2 giant cockroaches
  6 hobgoblins
  4 kobolds
  3 quokkas
  2 bats
  3 frilled lizards
  6 goblins
  5 rats
43 creatures vanquished.

Notes
Turn   | Place    | Note
-------+----------+-------------------------------------------
     0 | D:1      | qw the Gargoyle Hunter began the quest for the Orb.
     0 | D:1      | Reached XP level 1. HP: 12/12 MP: 1/1
     0 | D:1      | 0 ||| qw: Version: 0.3-a-75-g829b12e
     0 | D:1      | 0 ||| qw: Game counter: 51
     0 | D:1      | 0 ||| qw: Melee chars always use a shield: true
     0 | D:1      | 0 ||| qw: God list: Okawaru
     0 | D:1      | 0 ||| qw: Allow faded altars: false
     0 | D:1      | 0 ||| qw: Do Orc after clearing Dungeon:15 true
     0 | D:1      | 0 ||| qw: Do second Lair branch before Depths: true
     0 | D:1      | 0 ||| qw: Lair rune preference: random
     0 | D:1      | 0 ||| qw: Goals: Normal
     0 | D:1      | 0 ||| PLANNING D:1-11
   247 | D:1      | Found Teug's Jewellery Boutique.
   253 | D:1      | Reached XP level 2. HP: 17/17 MP: 2/2
   257 | D:1      | 257 ||| SHOPLISTING amulet of reflection (420 gold, have
                  | 47).
   257 | D:1      | 257 ||| SHOPLISTING amulet of the acrobat (420 gold, have
                  | 47).
   257 | D:1      | 257 ||| SHOPLISTING ring of resist corrosion (280 gold,
                  | have 47).
   257 | D:1      | 257 ||| SHOPLISTING ring of the Festooned God {rF+ MP+9
                  | Stlth+} (751 gold, have 47).
   257 | D:1      | 257 ||| SHOPLISTING ring of willpower (350 gold, have 47).
   580 | D:1      | 580 ||| UPGRADING to +0 helmet.
   585 | D:1      | 585 ||| READING scroll labelled IPOEPT YFUMOE.
   586 | D:1      | 586 ||| READING scroll labelled COURGH FEMUOF.
   587 | D:1      | 587 ||| READING scroll labelled LAIPSI HASIBI.
   588 | D:1      | 588 ||| READING scroll labelled BIEWNA NEZUNG.
   589 | D:1      | 589 ||| DROPPING scroll of butterflies.
   615 | D:2      | Reached XP level 3. HP: 21/21 MP: 3/3
   667 | D:2      | Reached skill level 5 in Ranged Weapons
  1036 | D:2      | Noticed Jessica
  1041 | D:2      | Killed Jessica
  1042 | D:2      | Reached skill level 3 in Fighting
  1042 | D:2      | Reached XP level 4. HP: 23/28 MP: 4/4
  1450 | D:2      | 1450 ||| READING scroll of enchant armour.
  1450 | D:2      | 1450 ||| ENCHANTING +0 helmet.
  1537 | D:2      | 1537 ||| READING scroll labelled YGEKUYSKISK.
  1612 | D:3      | Noticed a scorpion
  1630 | D:3      | HP: 6/28 [scorpion (6)]
  1631 | D:3      | HP: 2/28 [scorpion (5)]
  1632 | D:3      | Killed a scorpion
  1633 | D:3      | Reached skill level 6 in Ranged Weapons
  1633 | D:3      | Reached XP level 5. HP: 2/32 MP: 5/5
  1633 | D:3      | Slain by a jackal

Levels and vault maps discovered:
D:1:      ncdulo_halloftheorcs, layout_rooms, serial_shops, shop
D:2:      layout_loops_corners, dreamdust_wishing_well, uniq_jessica
D:3:      layout_rooms, basic_ecumenical_altar

Skill      XL: |  1  2  3  4 |
---------------+-------------+-----
Ranged Weapons | 5 6 |  6.0
Fighting       | 3 |  3.3
Dodging        | |  1.5
Stealth        | |  1.1

Action                     |  1- 3 |  4- 6 || total
---------------------------+-------+-------++-------
   Fire: Shortbow          |   101 |    55 ||   156
    Use: Scroll            |     4 |     2 ||     6
 Armour: Leather armour    |    21 |    28 ||    49
  Dodge: Dodged            |    17 |    15 ||    32

Table legend:
 A = Non-vault XP
 B = Vault XP
 C = Vault XP percentage of total XP
 D = Non-vault monster count
 E = Vault monster count
 F = Vault count percentage of total count
                 A         B        C        D         E       F
            +---------+---------+-------+---------+---------+-------
      Total |     178 |      37 |  17.2 |      42 |       1 |   2.3
            +---------+---------+-------+---------+---------+-------
        D:1 |      32 |       0 |   0.0 |      17 |       0 |   0.0
        D:2 |      54 |      37 |  40.7 |      22 |       1 |   4.3
        D:3 |      92 |       0 |   0.0 |       3 |       0 |   0.0
            +---------+---------+-------+---------+---------+-------
